cohdb
Replays
Latest Replays
All Replays
Popular Replays
Top Player Replays
Match Explorer
How It Works
Community
CoH3 Stats
Reddit
Sign in to upload your games and track your stats! →
Sign in with Steam
Match 46743574
Unlisted
Match 46743574
Overview
Messages
Build Orders
End
Kradschützen Motorcycle Team
Panzergrenadier Squad
Panzerpioneer Squad
250 Light Carrier
Construct Light Support Kompanie
MG34 Team
Fire Support Elements
Selects Italian Infantry
Selects Guastatori Squad
Guastatori Squad
Panzerjäger Mechanized Group
Flakvierling Half-track
Vehicle Survival Package
Veteran Squad Leaders
Construct Panzerarmee Kommand
Selects Registered Artillery
Selects Defensive Operations
Pak 38 Mechanized Group
Panzer III L Medium Tank
Selects Towed Cannone da 105/28 Field Howitzer
Towed Cannone da 105/28 Field Howitzer
Emergency Repair Kits
Armored Reserves
Général Couscous
CAuMOH
MähnGiL
silverticket
0
0
Comments
sign in to comment!
No comments posted yet!